 Dungeon Crawl Stone Soup version 0.17-a0-1769-g54adf96 (webtiles) character file.

137 shakdrar the Insei (level 5, 0/42 HPs)
             Began as a Demonspawn Monk on Sept 7, 2015.
             Slain by an orc
             ... wielding a +0 trident
              (3 damage)
             ... on level 3 of the Dungeon.
             The game lasted 00:08:54 (2954 turns).

shakdrar the Insei (Demonspawn Monk)                Turns: 2954, Time: 00:08:54

Health: 0/42       AC:  5    Str: 12    XL:     5   Next: 0%
Magic:  5/5        EV: 13    Int: 12    God:
Gold:   155        SH:  0    Dex: 15    Spells: 0 memorised, 4 levels left

rFire  . . .     SeeInvis .       - Unarmed
rCold  . . .     Clarity  .     a - +1 robe
rNeg   . . .     SustAt   .     (no shield)
rPois  .         Gourm    .     (helmet restricted)
rElec  .         Spirit   .     (no cloak)
rCorr  .         Warding  .     e - +0 pair of gloves
rMut   .         Stasis   .     (no boots)
MR     .....                    (no amulet)
Stlth  +++++.....               (no ring)
                                l - ring of stealth

@: lethally poisoned (0 -> -8), not resistant to hostile enchantments, quite
stealthy
A: antennae 1, icy blue scales 1, nightstalker 2
a: no special abilities


You were on level 3 of the Dungeon.
You were hungry.

You visited 1 branch of the dungeon, and saw 3 of its levels.

You collected 155 gold pieces.

Inventory:

Missiles
 d - 6 tomahawks of returning (quivered)
Armour
 a - a +1 robe (worn)
 e - a +0 pair of gloves (worn)
Jewellery
 c - an uncursed amulet of resist mutation
 f - an uncursed ring of magical power {unknown}
 l - a ring of stealth (left hand)
 o - a +1 ring of protection {unknown}
Scrolls
 j - 2 scrolls of amnesia
 m - a scroll of remove curse
Potions
 h - a potion of mutation
 k - a potion of haste {unknown}
Comestibles
 b - 2 bread rations
 g - a slice of pizza
 i - 2 meat rations


   Skills:
 + Level 3.7 Fighting
 + Level 3.5 Dodging
 + Level 2.6 Stealth
 + Level 4.3 Unarmed Combat


You had 4 spell levels left.
You didn't know any spells.

Dungeon Overview and Level Annotations

Branches:
Dungeon (3/15)

Altars:
Fedhas


Innate Abilities, Weirdness & Mutations

You have a pair of small antennae on your head.
You are partially covered in icy blue scales (AC +1).
You are significantly more attuned to the shadows.


Message History

You have reached level 5!
Your demonic ancestry asserts itself...
You slip further into the darkness.
You feel sick. The orc closely misses you.
You feel sick.
Things that are here:
a flail of venom; an orc corpse You hit the orc but do no damage.
You feel sick. The orc hits you with a trident.
* * * LOW HITPOINT WARNING * * *
You barely miss the orc.
You feel sick. The orc hits you with a trident!
* * * LOW HITPOINT WARNING * * *
You hit the orc.
The orc is almost dead.
* * * LOW HITPOINT WARNING * * *
You feel sick. The orc barely misses you.
You hit the orc but do no damage.
The orc is almost dead.
The orc hits you with a trident.
You die...

......#########.##. #####
#.....#...........# ....
.................>. ...#
#.[...#.........).# ...#
#.....#...........) ...#
#.................# ...#
##############............#
...####..oo.[..o.# #.............
...........#####@# #.............
...........# #.###.............
...(.......# #.......#.#.....#.
###.)......##########.##.#.##..#.
#............# ###.##.#.#...#.
#..........).# #.........<....
########.....# #.......###.##.
#.....# #.............. #.....#
#.......###.###


You could see an orc.

Vanquished Creatures
  An orc priest (D:3)
  A worker ant (D:3)
  2 adders
  An ooze (D:1)
  A worm (D:3)
  7 orcs
  A ball python (D:3)
  A giant cockroach (D:2)
  5 goblins
  7 hobgoblins
  8 jackals
  A quokka (D:2)
  6 bats
  2 giant newts (D:1)
  3 kobolds
  9 rats
56 creatures vanquished.

Notes
Turn   | Place    | Note
--------------------------------------------------------------
     0 | D:1      | shakdrar the Demonspawn Monk began the quest for the Orb.
     0 | D:1      | Reached XP level 1. HP: 18/18 MP: 1/1
   480 | D:1      | Gained mutation: You are slightly more attuned to the shadows. [demonic ancestry]
   480 | D:1      | Reached XP level 2. HP: 21/24 MP: 2/2
   677 | D:1      | Reached skill level 4 in Unarmed Combat
  1063 | D:2      | Gained mutation: You are resistant to electric shocks. [potion of mutation]
  1063 | D:2      | Gained mutation: You have a pair of small antennae on your head. [potion of mutation]
  1063 | D:2      | Gained mutation: Your spells are a little harder to cast, but a little more powerful. [potion of mutation]
  1111 | D:2      | Gained mutation: You are partially covered in icy blue scales (AC +1). [demonic ancestry]
  1111 | D:2      | Reached XP level 3. HP: 29/29 MP: 3/3
  1876 | D:2      | Found a blossoming altar of Fedhas.
  2070 | D:3      | HP: 1/29 [orc/enchanted hand axe (2)]
  2091 | D:3      | Gained mutation: You have a pair of antennae on your head. [demonic ancestry]
  2091 | D:3      | Reached XP level 4. HP: 13/36 MP: 4/4
  2516 | D:3      | Lost mutation: You have a pair of antennae on your head. [potion of cure mutation]
  2516 | D:3      | Lost mutation: Your spells are a little harder to cast, but a little more powerful. [potion of cure mutation]
  2516 | D:3      | Lost mutation: You are resistant to electric shocks. [potion of cure mutation]
  2949 | D:3      | Gained mutation: You are significantly more attuned to the shadows. [demonic ancestry]
  2949 | D:3      | Reached XP level 5. HP: 21/42 MP: 5/5
  2954 | D:3      | Slain by an orc

Vault maps used:
D:1:      moated_graveyard_arrival
D:2:      fedhas_altar_4

Action                   |  1- 3 |  4- 6 || total
-------------------------+-------+-------++-------
Melee: Unarmed           |   177 |    81 ||   258
  Use: Potion            |     7 |     2 ||     9
       Scroll            |     5 |       ||     5
 Stab: Sleeping          |     3 |     5 ||     8
  Eat: Meat ration       |     1 |       ||     1
       Chunk             |       |     1 ||     1
